Map: 暮色之塔

Players

iGXiGua

  • Race: Zerg Zerg
  • League: Master

iGRushcrazy

  • Race: Zerg Zerg
  • League: Master

iGMacSed

  • Race: Protoss Protoss
  • League: Master

iGJim

  • Race: Protoss Protoss
  • League: Master

Event: GPL 2015 - Grand Finals

VOD

Have the link to the VOD?

Description

Time

  • Played on: Jan. 24, 2016, 12:58 a.m.
  • Length: 9:28

All games in this series

Show
View Real Time Build Order
Export as new Build Order

iGXiGua Zerg 

Build Orders: 3 Hatch before Pool 

Get SALT Encoding   

  12  0:00  Drone  
  13  0:09  Drone  
  14  0:17  Overlord  
  14  0:23  Extractor  
  14  0:24  Drone  
  15  0:35  Drone x2  
  17  0:51  Hatchery  
  17  0:54  Drone  
  17  0:57  Drone  
  18  1:18  Hatchery  
  17  1:21  Drone  
  18  1:33  Spawning Pool  
  18  1:36  Drone  
  18  1:39  Drone  
  19  1:44  Drone  
  20  1:50  Drone  
  21  2:00  Drone  
  22  2:04  Drone  
  23  2:09  Overlord  
  23  2:16  Drone  
  23  2:20  Queen x2  
  28  2:28  Drone  
  28  2:29  Queen  
  29  2:30  Drone  
  29  2:35  Drone x2  
  34  2:42  Overlord  
  34  2:43  Overlord  
  34  2:45  Zergling x2  
  34  2:48  Drone  
  34  2:51  Drone  
  37  2:54  Drone  
  38  2:59  Queen  
  38  3:00  Overlord  
  38  3:03  Drone  
  41  3:09  Overlord  
  41  3:10  Drone  
  42  3:13  Drone  
  42  3:15  Overlord  
  42  3:18  Drone  
  44  3:23  Drone  
  45  3:27  Drone, Extractor  
  45  3:28  Drone x3, Extractor  
  45  3:30  Drone  
  48  3:35  Drone x3  
  48  3:36  Drone  
  48  3:38  Drone  
  48  3:39  Drone  
  48  3:40  Drone  
  55  3:42  Overlord  
  55  3:45  Drone  
  57  3:48  Drone  
  57  3:49  Overlord  
  56  3:59  Roach Warren  
  56  4:00  Overlord  
  56  4:01  Drone x2  
  57  4:03  Drone  
  57  4:04  Drone x2  
  57  4:09  Drone  
  61  4:12  Lair  
  61  4:14  Extractor  
  61  4:15  Drone x2  
  61  4:16  Extractor  
  61  4:17  Drone x2  
  61  4:18  Drone  
  64  4:25  Drone  
  64  4:26  Drone  
  64  4:27  Evolution Chamber, Drone x2  
  64  4:28  Metabolic Boost  
  67  4:34  Drone x2  
  69  4:41  Drone x4  
  69  4:42  Drone x3  
  69  4:43  Drone, Extractor  
  69  4:44  Extractor  
  75  4:48  Roach x4  
  83  4:55  Zerg Missile Weapons Level 1  
  83  4:57  Drone x3  
  83  4:59  Hatchery  
  85  5:11  Overseer  
  85  5:16  Hydralisk Den  
  85  5:18  Roach x6  
  85  5:19  Overlord x3  
  96  5:23  Overlord  
  96  5:26  Overseer  
  96  5:28  Overlord x2  
  96  5:35  Overlord  
  96  5:39  Roach x5  
  104  5:48  Drone  
  104  5:49  Drone x7  
  106  5:58  Drone  
  106  5:59  Nydus Network  
  106  6:00  Muscular Augments, Drone  
  106  6:01  Drone  
  108  6:05  Spore Crawler  
  108  6:07  Spore Crawler, Drone  
  108  6:08  Spore Crawler  
  107  6:11  Drone  
  107  6:12  Spore Crawler  
  107  6:13  Hydralisk x2  
  107  6:18  Hydralisk x2  
  112  6:20  Hydralisk  
  112  6:22  Drone  
  112  6:24  Drone x2  
  119  6:28  Hydralisk x2  
  123  6:35  Hydralisk x2  
  127  6:51  Overlord  
  127  6:54  Pneumatized Carapace  
  127  6:55  Hydralisk x9  
  127  6:58  Overlord  
  145  7:01  Overseer  
  145  7:06  Drone x2  
  145  7:07  Overlord x3  
  147  7:11  Zerg Missile Weapons Level 2  
  147  7:12  Overseer  
  147  7:15  Drone x3  
  148  7:16  Drone  
  148  7:20  Lurker Den  
  148  7:21  Drone x2  
  152  7:31  Roach x7  
  166  7:40  Roach x6  
  166  7:41  Overlord  
  178  7:46  Nydus Canal  
  178  7:48  Overlord  
  178  7:49  Overlord  
  172  7:58  Roach  
  172  7:59  Roach x7  
  172  8:05  Nydus Canal  
  184  8:10  Roach  
  184  8:11  Roach x4  
  194  8:19  Nydus Canal  
  194  8:20  Roach  
  194  8:21  Roach  
  194  8:26  Roach x3  
  198  8:27  Extractor  
  198  8:28  Roach, Extractor  
  184  8:35  Roach x2  
  184  8:37  Roach  
  184  8:40  Roach  
  184  8:41  Roach  
  186  8:43  Roach  
  186  8:45  Roach x2  
  186  8:48  Roach x2  
  194  8:51  Zergling x2, Roach x2  
  189  8:58  Roach  
  189  8:59  Overlord  
  189  9:00  Overlord  
  177  9:03  Roach  
  177  9:04  Roach x3, Overlord  
  177  9:08  Roach x4  
  183  9:22  Nydus Canal  
Show
View Real Time Build Order
Export as new Build Order

iGRushcrazy Zerg 

Build Orders:  

Get SALT Encoding   

  12  0:00  Probe (Chrono Boost)  
  13  0:11  Probe (Chrono Boost)  
  14  0:18  Pylon  
  14  0:21  Probe (Chrono Boost)  
  15  0:36  Probe (Chrono Boost)  
  15  0:39  Gateway  
  16  0:46  Probe (Chrono Boost)  
  16  0:47  Assimilator  
  18  0:57  Probe (Chrono Boost)  
  18  1:07  Probe (Chrono Boost)  
  19  1:18  Probe (Chrono Boost)  
  20  1:21  Nexus  
  20  1:32  Probe (Chrono Boost)  
  21  1:35  Cybernetics Core  
  21  1:42  Probe (Chrono Boost)  
  21  1:43  Assimilator  
  22  1:51  Pylon  
  22  1:53  Probe (Chrono Boost)  
  23  2:09  Probe (Chrono Boost)  
  23  2:11  Warp Gate, Stalker (Chrono Boost)  
  26  2:21  Probe  
  27  2:32  Probe x2  
  29  2:42  Probe  
  29  2:43  Probe  
  31  2:46  Sentry (Chrono Boost)  
  33  2:53  Probe  
  33  2:55  Nexus, Probe  
  35  3:02  Pylon  
  35  3:04  Probe  
  36  3:06  Probe  
  39  3:13  Sentry (Chrono Boost)  
  39  3:14  Probe  
  39  3:16  Probe  
  41  3:21  Twilight Council  
  41  3:25  Probe  
  42  3:27  Probe  
  42  3:32  Gateway  
  43  3:35  Probe  
  43  3:37  Probe  
  45  3:41  Gateway  
  45  3:45  Mothership Core  
  47  3:48  Probe  
  48  3:57  Resonating Glaives (Chrono Boost)  
  48  4:00  Phoenix, Probe  
  48  4:01  Pylon  
  49  4:04  Probe  
  49  4:05  Pylon, Probe  
  49  4:08  Assimilator  
  51  4:11  Assimilator  
  51  4:12  Probe  
  51  4:15  Probe  
  51  4:16  Probe  
  53  4:17  Adept  
  56  4:24  Probe  
  56  4:25  Probe  
  56  4:26  Probe  
  59  4:32  Adept  
  59  4:36  Pylon, Probe  
  59  4:37  Pylon, Probe x2  
  63  4:42  Adept x2  
  68  4:47  Probe  
  68  4:49  Probe  
  68  4:50  Stargate  
  70  4:53  Stargate  
  70  4:54  Probe  
  70  4:57  Probe  
  72  5:00  Adept  
  72  5:03  Adept  
  72  5:05  Adept, Probe  
  79  5:07  Probe  
  79  5:08  Probe  
  81  5:16  Forge, Probe  
  81  5:18  Probe  
  81  5:19  Probe  
  84  5:23  Assimilator x2  
  84  5:26  Probe  
  85  5:29  Pylon, Probe  
  85  5:31  Probe  
  85  5:33  Phoenix (Chrono Boost)  
  89  5:37  Probe  
  89  5:38  Phoenix (Chrono Boost)  
  89  5:41  Probe  
  91  5:43  Robotics Facility  
  91  5:45  Probe  
  88  5:51  Probe  
  88  5:54  Gateway  
  88  5:55  Phoenix (Chrono Boost), Gateway  
  83  6:00  Phoenix (Chrono Boost), Gateway  
  83  6:02  Pylon  
  85  6:08  Protoss Ground Weapons Level 1  
  85  6:12  Stalker  
  85  6:17  Phoenix (Chrono Boost)  
  89  6:22  Phoenix (Chrono Boost), Charge  
  89  6:24  Pylon  
  91  6:30  Pylon  
  91  6:31  Zealot x2  
  95  6:36  Phoenix (Chrono Boost)  
  97  6:40  Phoenix, Immortal (Chrono Boost)  
  97  6:44  Pylon  
  103  6:50  Pylon  
  103  6:57  Templar Archives  
  103  6:58  Zealot x3  
  109  7:02  Phoenix  
  109  7:06  Gateway x2  
  109  7:07  Phoenix  
  111  7:08  Pylon  
  111  7:12  Zealot  
  111  7:14  Zealot  
  117  7:15  Zealot  
  117  7:21  Observer (Chrono Boost)  
  117  7:22  Psionic Storm  
  120  7:27  Robotics Facility  
  120  7:34  High Templar  
  120  7:36  Zealot x4  
  130  7:38  High Templar  
  132  7:51  Warp Prism (Chrono Boost)  
  132  7:53  Gateway  
  132  7:54  Gateway  
  134  7:58  Zealot  
  134  7:59  Zealot x3  
  142  8:07  Zealot x3  
  148  8:13  Zealot  
  148  8:15  Immortal (Chrono Boost)  
  148  8:19  Zealot  
  156  8:26  Pylon  
  156  8:28  Pylon  
  156  8:33  Pylon x2  
  148  8:38  Zealot x2  
  141  8:45  Zealot x4  
  141  8:46  Zealot x2  
  141  8:53  Zealot x3  
  141  8:54  Archon  
  127  8:58  Probe  
  121  9:03  Mothership Core  
  102  9:11  Zealot  
  95  9:20  Zealot x4  
Show
View Real Time Build Order
Export as new Build Order

iGMacSed Protoss 

Build Orders:  

Get SALT Encoding   

Show
View Real Time Build Order
Export as new Build Order

iGJim Protoss 

Build Orders:  

Get SALT Encoding   

Tags
 
Add a new tag
Caveats
  • Supply blocks, unpowered buildings, or Contaminate may cause inaccurate times.
  • Supply counts are checked every 10 seconds.